 Dungeon Crawl Stone Soup version 0.20.0-8-g6b59dc7 (webtiles) character file.

293 vatarom the Gusty (level 6, -4/32 HPs)
             Began as a Tengu Air Elementalist on June 2, 2017.
             Slain by a river rat (6 damage)
             ... on level 4 of the Dungeon.
             The game lasted 00:11:54 (3979 turns).

vatarom the Gusty (Tengu Air Elementalist)          Turns: 3979, Time: 00:11:55

Health: -4/32      AC:  2    Str:  8    XL:     6   Next: 33%
Magic:  1/13       EV: 12    Int: 18    God:
Gold:   234        SH:  0    Dex: 14    Spells: 3/13 levels left

rFire    + . .     SeeInvis +   j - +0 lajatang
rCold    . . .     Gourm    .   (shield currently unavailable)
rNeg     . . .     Faith    .   a - +0 robe
rPois    .         Spirit   .   (helmet restricted)
rElec    .         Reflect  .   (no cloak)
rCorr    .         Harm     .   (no gloves)
MR       .....                  (boots unavailable)
Stlth    +.........             (no amulet)
Regen    0.1/turn               e - ring of see invisible
MPRegen  0.2/turn               (no ring)

@: lethally poisoned (-4 -> -6), very slow
A: beak, horns 1, talons 3, fire resistance 1, MP-powered wands, able to fly 1
a: Fly


You were on level 4 of the Dungeon.
You were not hungry.

You visited 1 branch of the dungeon, and saw 4 of its levels.

You collected 234 gold pieces.

Inventory:

Hand Weapons
 j - a +0 lajatang (weapon)
Armour
 a - a +0 robe (worn)
Jewellery
 e - a ring of see invisible (left hand)
Scrolls
 f - 4 scrolls of identify
Potions
 i - 2 potions of resistance
Books
 b - a book of Air

   Spells                             Type                      Level
   a - Shock                          Conjuration/Air              1
   b - Swiftness                      Charms/Air                   2
   c - Static Discharge               Conjuration/Air              3
   d - Airstrike                      Air                          4
   e - Lightning Bolt                 Conjuration/Air              5
Comestibles
 c - a bread ration
 d - a royal jelly
 g - 2 meat rations
 h - 3 chunks of flesh


   Skills:
 - Level 2.1 Dodging
 - Level 2.0 Stealth
 + Level 4.1 Spellcasting
 - Level 4.5 Conjurations
 - Level 5.8 Air Magic


You had 3 spell levels left.
You knew the following spells:

 Your Spells              Type           Power        Failure   Level  Hunger
a - Shock                 Conj/Air       ###.         1%          1    None
b - Swiftness             Chrm/Air       ##......     7%          2    ##.....
c - Static Discharge      Conj/Air       ###.....     5%          3    ###....
d - Airstrike             Air            ###.......   13%         4    ####...


Dungeon Overview and Level Annotations

Branches:
Dungeon (4/15)
 Temple: D:4-7

Altars:
Yredelemnul


Innate Abilities, Weirdness & Mutations

You have a beak for a mouth.
You have claws for feet.
You can fly.
You have a pair of small horns on your head.
Your flesh is heat resistant. (rF+)
You expend magic power (3 MP) to strengthen your wands.


Message History

Confirm with . or Enter, or press ? or * to list all spells.
Aiming: Shock
Press: ? - help, Shift-Dir - straight line, f - river rat
Aim: a river rat The zap hits the river rat.
The river rat appears unharmed.
The river rat bites you!
* * * LOW HITPOINT WARNING * * *
Casting: Shock
Confirm with . or Enter, or press ? or * to list all spells.
Aiming: Shock
Press: ? - help, Shift-Dir - straight line, f/p - river rat
Aim: a river rat The zap hits the river rat.
The river rat is moderately wounded.
The river rat bites you.
* * * LOW HITPOINT WARNING * * *
It was a potion of cancellation.
You feel magically purged.
* * * LOW HITPOINT WARNING * * *
You feel sick. The river rat bites you.
You die...

#.# ###### #.#
#.#######....# ##.#####
#............###...#...
#......≈.....##......##
#..≈.≈≈≈†≈...........#
#.≈≈#≈#≈####.####.##.#
##≈≈≈≈≈≈†≈≈#.# #w##.#
#########≈#.# #.##.##
#≈@≈≈≈≈#.# ##+##...
#r#†####.###...####
#≈#≈≈≈≈#.##.....##
#≈#≈##≈#.#.......##
#≈#≈≈ ##.........#
#≈##≈ #'.........' ≈≈
≈# ##.........# #≈ ≈#
##.......## #########
##.....##


You could see a river rat.

Vanquished Creatures
  Blork the orc (D:4)
  A howler monkey (D:4)
  An orc wizard (D:3)
  3 adders
  3 river rats (D:4)
  3 oozes
  5 worms
  3 leopard geckos
  5 orcs
  3 giant cockroaches
  5 goblins
  6 hobgoblins
  11 jackals
  A quokka (D:2)
  A ball python (D:3)
  5 bats
  5 frilled lizards
  3 kobolds
  12 rats
77 creatures vanquished.

Notes
Turn   | Place    | Note
-------+----------+-------------------------------------------
     0 | D:1      | vatarom the Tengu Air Elementalist began the quest for the Orb.
     0 | D:1      | Reached XP level 1. HP: 10/10 MP: 4/4
    45 | D:1      | Reached XP level 2. HP: 9/15 MP: 0/6
   283 | D:1      | Learned a level 2 spell: Swiftness
   317 | D:1      | Reached XP level 3. HP: 14/19 MP: 1/7
   324 | D:1      | Reached skill level 5 in Air Magic
   949 | D:2      | Learned a level 3 spell: Static Discharge
  1098 | D:2      | Found a basalt altar of Yredelemnul.
  1099 | D:2      | Gained mutation: You expend magic power (3 MP) to strengthen your wands. [potion of mutation]
  1099 | D:2      | Gained mutation: Your flesh is heat resistant. (rF+) [potion of mutation]
  1099 | D:2      | Gained mutation: You have a pair of small horns on your head. [potion of mutation]
  1192 | D:2      | Found a faded altar of an unknown god.
  1846 | D:3      | Reached XP level 4. HP: 21/24 MP: 3/8
  2626 | D:3      | Gained mutation: You can fly. [Tengu growth]
  2626 | D:3      | Reached XP level 5. HP: 23/28 MP: 1/9
  2959 | D:4      | Noticed a sky beast
  3182 | D:4      | Noticed Blork the orc
  3617 | D:4      | Killed Blork the orc
  3617 | D:4      | Reached XP level 6. HP: 32/32 MP: 3/12
  3626 | D:4      | Learned a level 4 spell: Airstrike
  3979 | D:4      | Slain by a river rat

Skill      XL: |  1  2  3  4  5  6 |
---------------+-------------------+-----
Conjurations   | 2 3 4 |  4.5
Air Magic      | 5 |  5.8
Spellcasting   | 3 4 |  4.1
Dodging        | |  2.1
Stealth        | |  2.0

Action                   |  1- 3 |  4- 6 || total
-------------------------+-------+-------++-------
Melee: Unarmed           |     3 |       ||     3
       Peck              |     4 |     2 ||     6
       Kick              |     5 |     2 ||     7
       Hand axe          |    20 |       ||    20
       Lajatang          |     4 |    18 ||    22
       Headbutt          |     2 |       ||     2
 Cast: Shock             |    66 |    82 ||   148
       Static Discharge  |       |     4 ||     4
       Airstrike         |       |     4 ||     4
  Use: Scroll            |     7 |     5 ||    12
       Potion            |     1 |     3 ||     4
 Stab: Distracted        |       |     1 ||     1
       Sleeping          |       |     1 ||     1
  Eat: Bread ration      |     1 |     1 ||     2
       Chunk             |     1 |     1 ||     2
       Royal jelly       |     1 |       ||     1
Armor: Robe              |     5 |     5 ||    10
Dodge: Dodged            |    26 |    28 ||    54
